 Dungeon Crawl Stone Soup version 0.14-a0-305-g056651f (webtiles) character file.

2199 PolkaDot the Ruffian (level 8, 0/78 HPs)
             Began as a Troll Death Knight on Oct 19, 2013.
             Was an Elder of Yredelemnul.
             Succumbed to a scorpion's poison
             ... on Level 7 of the Dungeon.
             The game lasted 00:26:51 (4928 turns).

PolkaDot the Ruffian (Troll Death Knight)           Turns: 4928, Time: 00:26:51

HP   0/78        AC  9     Str 22      XL: 8   Next: 98%
MP  11/12        EV  9     Int  7      God: Yredelemnul [****..]
Gold 255         SH  0     Dex 11      Spells:  0 memorised,  7 levels left

Res.Fire  : x . .   See Invis. : .     - Unarmed
Res.Cold  : + . .   Warding    : .   i - +2 elf robe {MR+}
Life Prot.: . . .   Conserve   : .   (shield restricted)
Res.Poison: .       Res.Corr.  : .   p - +0 cap
Res.Elec. : .       Clarity    : .   (no cloak)
Sust.Abil.: . .     Spirit.Shd : .   (gloves unavailable)
Res.Mut.  : .       Stasis     : .   (boots unavailable)
Res.Rott. : .       Flight     : .   (no amulet)
Gourmand  : +                        b - +2 ring of protection
                                     t - ring of ice

@: mildly poisoned, somewhat resistant to hostile enchantments, unstealthy
A: unfitting armour, claws 3, fast metabolism 3, gourmand, regeneration 2,
saprovore 2, tough skin 2, AC +1
a: Animate Dead, Recall Undead Slaves, Injury Mirror, Drain Life, Renounce
Religion


You were on level 7 of the Dungeon.
You worshipped Yredelemnul.
Yredelemnul was greatly pleased with you.
You were full.

You visited 1 branch of the dungeon, and saw 7 of its levels.

You collected 235 gold pieces.

Inventory:

Armour
 i - a +2 elven robe of magic resistance (worn)
 p - a +0 cap (worn)
 y - a +0 cloak
Magical devices
 u - a wand of flame (13)
 z - a wand of invisibility (0)
Comestibles
 a - 5 meat rations
 k - 11 sultanas
 m - 2 pears
 o - an apricot
 w - an apple
 x - 3 bread rations
Scrolls
 c - a scroll of random uselessness
 d - 3 scrolls of enchant weapon II {unknown}
 e - 3 scrolls of curse armour {unknown}
 f - 2 scrolls of fear {unknown}
 g - 2 scrolls of identify {unknown}
 h - a scroll of curse jewellery {unknown}
 j - 3 scrolls of remove curse {unknown}
 n - 4 scrolls of magic mapping {unknown}
 q - a scroll of blinking {unknown}
 r - a scroll of enchant weapon I {unknown}
 s - a scroll of teleportation {unknown}
 v - a scroll of noise {unknown}
 A - a scroll of immolation {unknown}
Jewellery
 b - a +2 ring of protection (right claw)
 t - a ring of ice (left claw)


   Skills:
 + Level 5.6 Fighting
 - Level 1.2 Dodging
 + Level 7.5 Unarmed Combat
 * Level 6.3 Invocations


You had 7 spell levels left.
You didn't know any spells.

Dungeon Overview and Level Annotations

Branches:
Dungeon (7/27)             Temple (0/1) D:5
    Orc: D:6-11

Altars:
Ashenzari
Cheibriados
Makhleb
Okawaru

Shops:
D:4 ++=(


Innate Abilities, Weirdness & Mutations

You are too large for most types of armour.
You have claws for hands.
Your metabolism is lightning-fast.
You like to eat raw meat.
You heal very quickly.
You can eat rotten meat.
You are covered in fur (AC +1).
You have very tough skin (AC +2).


Message History

Evoke which item? (* to show all) (? for menu, Esc to quit)
Zapping:
z - a wand of invisibility {zapped: 1}
Press: ? - help, Shift-Dir - straight line, f - you, p - gnoll Nothing appears to happen.
The gnoll hits you from afar with a halberd.
* * * LOW HITPOINT WARNING * * *
Put on which piece of jewellery? (? for menu, Esc to quit)
Okay, then.
The gnoll sergeant shouts!
The scorpion misses you.
You barely miss the scorpion. The gnoll misses you.
You barely miss the scorpion. The scorpion stings you!
* * * LOW HITPOINT WARNING * * *
You barely miss the scorpion. The scorpion stings you!
* * * LOW HITPOINT WARNING * * *
You are poisoned.
The scorpion poisons you! The gnoll barely misses you.
You closely miss the scorpion.
You die...
Your body rises from the dead as a mindless zombie.

. . ## ##. .. #.. #.
#.# #..#.#
#..#.#############.#
#......ggg.@s......#
#.##.###############
#...gg.......
#.#####z##..####
#.......g)..#
#..####.#)....#
#.#.......
#.#.....##
..#.......


You could see a gnoll sergeant, a scorpion and 2 gnolls.

Vanquished Creatures
  Eustachio (D:5)
  A sky beast (D:5)
  An ogre (D:4)
  3 centaurs
  A phantom (D:5)
  Duvessa (D:5)
  Blork the orc (D:5)
  2 giant frogs (D:6)
  4 wights (D:6)
  Dowan (D:5)
  A crimson imp (D:6)
  A giant frog zombie (D:5)
  3 hounds
  An orc priest (D:6)
  Crazy Yiuf (D:4)
  3 jellies (D:5)
  2 orc wizards
  3 worker ants
  Ijyb (D:3)
  3 gnolls (D:7)
  8 adders
  A giant mite (D:5)
  A goliath beetle zombie (D:5)
  A giant eyeball (D:5)
  5 giant geckos
  An ooze (D:4)
  19 orcs
  15 bats
  5 giant cockroaches
  13 goblins
  15 hobgoblins
  4 jackals
  14 kobolds
  3 quokkas
  2 giant newts (D:1)
  A jackal skeleton (D:5)
  A kobold skeleton (D:4)
  6 rats
150 creatures vanquished.

Vanquished Creatures (collateral kills)
  A sky beast (D:5)
  Sigmund (D:2)
  An iguana (D:6)
  A worker ant (D:5)
  An ufetubus (D:5)
  2 orcs (D:5)
  A hobgoblin (D:5)
  A goblin (D:2)
9 creatures vanquished.

Vanquished Creatures (others)
  A centaur zombie (D:5)
  An orc zombie (D:5)
  A bat skeleton (D:2)
  A bat zombie (D:5)
  2 gnoll zombies (D:7)
  A goblin zombie (D:5)
  A hobgoblin zombie (D:5)
  An orc skeleton (D:6)
9 creatures vanquished.

Grand Total: 168 creatures vanquished

Notes
Turn   | Place    | Note
--------------------------------------------------------------
     0 | D:1      | PolkaDot, the Troll Death Knight, began the quest for the Orb.
     0 | D:1      | Reached XP level 1. HP: 20/20 MP: 2/2
   200 | D:1      | Reached XP level 2. HP: 28/28 MP: 2/2
   273 | D:1      | Found a snail-covered altar of Cheibriados.
   487 | D:1      | Reached skill level 3 in Unarmed Combat
   510 | D:1      | Acquired Yredelemnul's second power
   603 | D:1      | Reached XP level 3. HP: 35/35 MP: 4/4
   889 | D:2      | Found an iron altar of Okawaru.
  1170 | D:2      | Noticed Sigmund
  1187 | D:2      | Killed Sigmund
  1187 | D:2      | Reached skill level 4 in Unarmed Combat
  1187 | D:2      | Reached XP level 4. HP: 18/44 MP: 3/4
  1322 | D:2      | Reached XP level 5. HP: 38/50 MP: 5/5
  1777 | D:3      | Noticed Ijyb
  1788 | D:3      | Killed Ijyb
  2313 | D:4      | Found Chow's Jewellery Emporium.
  2338 | D:4      | Noticed an ogre
  2345 | D:4      | Killed an ogre
  2345 | D:4      | Reached skill level 5 in Unarmed Combat
  2345 | D:4      | Reached XP level 6. HP: 32/59 MP: 6/6
  2438 | D:4      | Found Joecki Satag's Antique Weapon Emporium.
  2509 | D:4      | Acquired Yredelemnul's third power
  2556 | D:4      | Found Lodeqa Natav's Book Boutique.
  2594 | D:4      | Found Guf Etuk's Book Shoppe.
  2607 | D:4      | Found a burning altar of Makhleb.
  2611 | D:4      | Found a shattered altar of Ashenzari.
  2767 | D:4      | Noticed Crazy Yiuf
  2772 | D:4      | Paralysed by Crazy Yiuf for 3 turns
  2778 | D:4      | Killed Crazy Yiuf
  2977 | D:4      | Reached skill level 6 in Unarmed Combat
  3023 | D:5      | Entered Level 5 of the Dungeon
  3042 | D:5      | Reached XP level 7. HP: 62/67 MP: 7/7
  3058 | D:5      | Found a staircase to the Ecumenical Temple.
  3059 | D:5      | Noticed Blork the orc
  3072 | D:5      | Killed Blork the orc
  3103 | D:5      | Noticed Eustachio
  3190 | D:5      | Noticed Duvessa
  3191 | D:5      | Noticed Dowan
  3200 | D:5      | Killed Duvessa
  3227 | D:5      | Killed Dowan
  3229 | D:5      | Your ally Blork died
  3421 | D:5      | Reached XP level 8. HP: 59/76 MP: 8/9
  3455 | D:5      | Acquired Yredelemnul's fourth power
  3566 | D:5      | Killed Eustachio
  3566 | D:5      | Reached skill level 5 in Fighting
  3566 | D:5      | Reached skill level 7 in Unarmed Combat
  3566 | D:5      | Reached skill level 5 in Invocations
  3715 | D:5      | Paralysed by a giant eyeball for 2 turns
  3718 | D:5      | Paralysed by a giant eyeball for 3 turns
  4927 | D:7      | HP: 1/78 [scorpion (8)]
  4928 | D:7      | Succumbed to a scorpion's poison

Action                   |  1- 3 |  4- 6 |  7- 9 || total
-------------------------+-------+-------+-------++-------
Melee: Unarmed           |    91 |   186 |   213 ||   490
Invok: Animate Remains   |     3 |    13 |       ||    16
       Animate Dead      |       |     4 |    12 ||    16
Evoke: Wand              |       |       |     1 ||     1
  Use: Potion            |     3 |       |     8 ||    11
       Scroll            |       |       |     1 ||     1
